 Dungeon Crawl Stone Soup version 0.26.1-11-gd32895ea62 (webtiles) character file.

Game seed: 11298754967777596827

387 Patoropollo the Skirmisher (level 6, -4/56 HPs)
             Began as a Hill Orc Fighter on May 27, 2021.
             Slain by an ogre
             ... wielding a +0 giant spiked club
              (9 damage)
             ... on level 4 of the Dungeon.
             The game lasted 00:08:41 (4448 turns).

Patoropollo the Skirmisher (Hill Orc Fighter)       Turns: 4448, Time: 00:08:43

Health: -4/56      AC:  8    Str: 21    XL:     6   Next: 78%
Magic:  6/6        EV:  7    Int:  8    God:
Gold:   101        SH:  9    Dex: 10    Spells: 5/5 levels left

rFire    . . .     SeeInvis +   a - +0 war axe
rCold    . . .     Faith    .   c - +0 kite shield
rNeg     . . .     Spirit   .   b - +0 scale mail
rPois    .         Reflect  .   (no helmet)
rElec    .         Harm     .   (no cloak)
rCorr    .         Rampage  .   (no gloves)
Will     .....                  o - +0 pair of boots
Stlth    ..........             (no amulet)
HPRegen  0.18/turn              r - ring of see invisible
MPRegen  0.10/turn              (no ring)

@: mighty, lethally poisoned (-4 -> -7)
A: no striking features
a: no special abilities


You were on level 4 of the Dungeon.
You visited 1 branch of the dungeon, and saw 4 of its levels.
You also visited: Sewer.

You collected 101 gold pieces.

Inventory:

Hand Weapons
 a - a +0 war axe (weapon)
Armour
 b - a +0 scale mail (worn)
 c - a +0 kite shield (worn)
 o - a +0 pair of boots (worn)
Jewellery
 r - a ring of see invisible (left hand)
Scrolls
 i - 2 scrolls of blinking
 j - a scroll of remove curse {unknown}
 p - a scroll of enchant armour {unknown}
 q - 3 scrolls of teleportation {unknown}
 t - a scroll of immolation {unknown}
Potions
 d - 3 potions of might
 e - 2 potions of heal wounds {unknown}
 f - a potion of lignification {unknown}
 g - a potion of resistance
 h - 3 potions of magic {unknown}
 k - a potion of degeneration {unknown}
 l - a potion of haste
 m - a potion of brilliance {unknown}
 s - 2 potions of curing {unknown}


   Skills:
 + Level 5.4 Fighting
 + Level 5.1 Axes
 + Level 4.9 Armour
 + Level 4.9 Shields


You had 5 spell levels left.
You didn't know any spells.
Your spell library was empty.

Dungeon Overview and Level Annotations

Branches:
Dungeon (4/15)              Sewer (visited)
 Temple: D:4-7

Altars:


Message History

The scorpion poisons you!
You hit the scorpion.
The scorpion is moderately wounded.
You feel sick. You block the scorpion's attack.
The ogre hits you with a +0 giant spiked club!
You are too injured to fight recklessly!
You are too injured to fight recklessly!
You are too injured to fight recklessly!
You slash the ogre!
The ogre is heavily wounded.
You closely miss the scorpion.
You feel sick. The scorpion stings you.
The ogre hits you with a +0 giant spiked club!
* * * LOW HITPOINT WARNING * * *
You barely miss the ogre.
The ogre is heavily wounded.
You slash the scorpion!
The scorpion stings you but does no damage.
The scorpion barely misses you.
The ogre hits you with a +0 giant spiked club!
You die...

,,,,,,*,*,,,,,***!..,,,,,,,,,,,**
****,,,,,,,,,,,,,..,,,,,,,,,,,,,,
****+**,,,*,,,,,,..,,,,,,,*******
,,,,,,,,,,*,*,*##.##*************
,,,,>,,,,,+,,,,....,,* *,,,,,
,,,,,,,,,,**#,*#..#*,*# *,,,,,
,,,,,,,,,,* #.##..##..# *,,,,,
,,********* #..Os†..#,** *,,,,,
,,* ########@####,,* *,,,,, ,,*
#....# #.####*,* *,,,,, ,,*
###....###.(..#*,** *,,,,, ***
#...........#.##,,* *,,,,,
#...........#...#,** *,,,,,
#...........#.#.#,,* *,,,,,
#.............#.##,*#*,,,,,
#######...........#....#,.#*,<,,,
..................#.#..##.##,,,,,


You could see an ogre and a scorpion.

Vanquished Creatures
  2 howler monkeys (D:4)
  2 hounds (D:3)
  An iguana (D:4)
  2 worker ants
  7 adders
  A river rat (D:4)
  An ooze (D:1)
  2 dart slugs (D:1)
  2 leopard geckos (D:2)
  10 orcs (D:3)
  3 bats
  5 giant cockroaches
  9 goblins
  7 hobgoblins
  4 jackals (Sewer)
  2 quokkas
  3 ball pythons
  4 frilled lizards
  13 kobolds
  10 rats
90 creatures vanquished.

Vanquished Creatures (others)
  18 plants
18 creatures vanquished.

Grand Total: 108 creatures vanquished

Notes
Turn   | Place    | Note
-------+----------+-------------------------------------------
     0 | D:1      | Patoropollo the Hill Orc Fighter began the quest for the
                  | Orb.
     0 | D:1      | Reached XP level 1. HP: 19/19 MP: 1/1
   103 | D:1      | Reached XP level 2. HP: 16/27 MP: 2/2
   866 | D:1      | Reached XP level 3. HP: 33/33 MP: 3/3
  1378 | D:2      | Reached XP level 4. HP: 34/40 MP: 4/4
  2344 | D:3      | Reached XP level 5. HP: 27/47 MP: 5/5
  3405 | D:4      | Reached skill level 5 in Fighting
  3405 | D:4      | Reached XP level 6. HP: 56/56 MP: 6/6
  3461 | D:4      | Found a glowing drain.
  3469 | Sewer    | Entered a sewer
  4427 | D:4      | Reached skill level 5 in Axes
  4448 | D:4      | Slain by an ogre

Illustrated notes

Levels and vault maps discovered:
D:1:      lightli_iron_boxes, layout_basic, serial_forest,
          infiniplex_forest_clump_diagonal, infiniplex_forest_clump_cross,
          infiniplex_forest_clump_diagonal, infiniplex_forest_straight_3,
          infiniplex_forest_end_1, infiniplex_forest_clump_double,
          infiniplex_forest_lined_room_2, infiniplex_forest_end_3,
          infiniplex_forest_zigzag_2, infiniplex_forest_straight_5
D:2:      layout_loops_ring
D:3:      layout_loops_ring
D:4:      layout_basic, serial_shops, nicolae_shop_window_shopping,
          portal_sewer_entry_e, minivault_24

Skill      XL: |  1  2  3  4  5  6 |
---------------+-------------------+-----
Axes           | 3 4 5 |  5.1
Fighting       | 4 5 |  5.4
Armour         | 4 |  4.9
Shields        | 4 |  4.9

Action                   |  1- 3 |  4- 6 || total
-------------------------+-------+-------++-------
Melee: War axe           |    69 |   253 ||   322
  Use: Scroll            |       |     5 ||     5
       Potion            |       |     1 ||     1
Armor: Scale mail        |    19 |   125 ||   144
Dodge: Dodged            |    22 |    89 ||   111
Block: Kite shield       |    27 |   148 ||   175
